 Dungeon Sprint DCSS version 0.29.1-2-gbd0b4ee654 (webtiles) character file.

Game seed: 14159977196759799586

26034 boopmooplesden the Pulveriser (level 12, -1/136 HPs)
             Began as a Minotaur Gladiator on Nov 27, 2022.
             Was the Champion of Trog.
             Succumbed to a naga ritualist's splash of poison
             ... in the Dungeon (Sprint IX: "|||||||||||||||||||||||||||||").
             The game lasted 00:09:52 (3509 turns).

boopmooplesden the Pulveriser (Minotaur Gladiator)  Turns: 3509, Time: 00:09:53

Health: -1/136     AC: 20    Str: 29    XL:     12   Next: 94%
Magic:  20/20      EV: 18    Int:  5    God:    Trog [******]
Gold:   1369       SH:  0    Dex: 17    Spells: 11/11 levels left

rFire   + + .      SeeInvis .   m - +4 quarterstaff "Gokhlenn" {vorpal, MP+9 Str+4}
rCold   + . .      Faith    .   (shield currently unavailable)
rNeg    . . .      Spirit   .   B - +2 scale mail of Duty {-Tele rElec rF++ rC+}
rPois   x          Reflect  .   D - +2 hat
rElec   +          Harm     .   J - scarf {+Inv}
rCorr   .          Rampage  .   y - +1 pair of gloves
Will    .....      NoTele   +   x - +1 pair of boots
Stlth   +.........              (no amulet)
HPRegen 0.32/turn               p - +3 ring of dexterity
MPRegen 0.17/turn               q - +3 ring of dexterity

@: lethally poisoned (-1 -> -62), poison vulnerable, on berserk cooldown,
slowed, very slow
A: horns 2, retaliatory headbutt
a: Renounce Religion, Evoke Invisibility, Berserk, Trog's Hand, Brothers in Arms


You were in the Dungeon.
You worshipped Trog.
Trog was exalted by your worship.
You visited 1 branch You collected 1621 gold pieces.
You spent 252 gold pieces at shops.

Inventory:

Hand Weapons
 a - a +0 quarterstaff
 m - the +4 quarterstaff "Gokhlenn" (weapon) {vorpal, MP+9 Str+4}
   (You found it in the Dungeon)

   It inflicts extra damage upon your enemies.
   Str:       It affects your strength (+4).
   MP:        It affects your magic capacity (+9).
 u - a +4 vorpal lajatang
 v - a +7 quarterstaff
 A - a +3 lajatang
Missiles
 d - 3 throwing nets
 e - 7 javelins (quivered)
Armour
 x - a +1 pair of boots (worn)
 y - a +1 pair of gloves (worn)
 B - the +2 scale mail of Duty (worn) {-Tele rElec rF++ rC+}
   (You bought it in a shop in the Dungeon)

   rF:        It greatly protects you from fire.
   rC:        It protects you from cold.
   rElec:     It insulates you from electricity.
   -Tele:     It prevents most forms of teleportation.
 D - a +2 hat (worn)
 I - +2 fire dragon scales
 J - a scarf of invisibility (worn)
Jewellery
 p - a +3 ring of dexterity (left hand)
 q - a +3 ring of dexterity (right hand)
 E - a ring of willpower
 F - a ring of protection from fire
 G - a ring of ice
 H - a ring of willpower
Wands
 l - a wand of light (10)
 z - a wand of mindburst (16)
Scrolls
 k - 3 scrolls of blinking
 s - 6 scrolls of enchant weapon
 t - 4 scrolls of identify
 w - a scroll of brand weapon
Potions
 f - 8 potions of curing
 g - 2 potions of heal wounds
 h - 2 potions of haste
 i - 4 potions of magic
 j - a potion of invisibility
 C - a potion of lignification {unknown}


   Skills:
 + Level 21.1 Fighting
 + Level 24.3 Staves
 + Level 7.5 Throwing
 + Level 18.2 Armour
 + Level 13.3 Dodging
 + Level 3.3 Stealth


You had 11 spell levels left.
You didn't know any spells.
Your spell library was empty.

Dungeon Overview and Level Annotations

Branches:
Dungeon (1/1)

Altars:
Cheibriados
Dithmenos
Elyvilon
Fedhas
Gozag
Hepliaklqana
Kikubaaqudgha
Makhleb
Nemelex Xobeh
Okawaru
Qazlal
Ru
Sif Muna
Trog
Uskayaw
Vehumet
Wu Jian
Xom
Yredelemnul
Zin
The Shining One
Jiyva
Lugonu

Shops:
D [?([


Innate Abilities, Weirdness & Mutations

You have a pair of horns on your head.
You reflexively headbutt those who attack you in melee.


Message History

The naga ritualist's toxic aura wanes.
You are more poisoned.
The naga ritualist calls down the wrath of its god upon you.
You feel yourself grow more vulnerable to poison.
The naga ritualist constricts you.
You bludgeon the naga ritualist!!
The naga ritualist is severely wounded.
You feel very sick.
You thump the naga ritualist!
You kill the naga ritualist!
Trog accepts your kill.
You feel very sick.
You are more poisoned.
You are no longer berserk.
You are exhausted.
You feel as though you will be slow longer.
You feel extremely sick.
You are more poisoned.
The naga ritualist spits poison at you.
The splash of poison hits you but does no damage.
You are lethally poisoned!
Things that are here:
a +0 trident; a +0 robe; a naga corpse Your deep troll goes berserk!
* * * LOW HITPOINT WARNING * * *
You feel extremely sick.
* * * LOW HITPOINT WARNING * * *
You are more poisoned.
Your deep troll is poisoned.
The naga ritualist barely misses you.
The naga ritualist completely misses you.
The guardian serpent casts a spell at you.
The bolt of poison hits the naga ritualist.
The bolt of poison misses you.
The bolt of poison hits your deep troll!!
The naga ritualist spits poison at you. The splash of poison hits you.
You are more poisoned.
* * * LOW HITPOINT WARNING * * *
You swap places.
You die...

..)))))))))))...))))))))).....)))
▓▓▓▓▓▓▓▓▓▓▓▓▓▓▓▓▓▓▓▓▓▓▓▓▓▓▓▓▓▓▓▓▓
.......).........................
▓▓▓▓▓▓▓▓▓▓▓▓▓▓▓▓▓▓▓▓▓▓▓▓▓▓▓▓▓▓▓▓▓
.....)))))))).[[[[.[[[.!........)
▓▓▓▓▓▓▓▓▓▓▓▓▓▓▓▓▓▓▓▓▓▓▓▓▓▓▓▓▓▓▓▓▓
.................................
▓▓▓▓▓♣♣♣♣♣♣♣♣♣♣▓▓▓▓▓▓▓▓▓▓▓▓▓▓▓▓▓▓
.....).))÷.....'@TNSNNSS.
▓▓▓▓▓♣♣♣♣♣♣♣♣♣♣▓▓▓▓▓▓▓▓▓▓


You could see a naga sharpshooter, an anaconda, 2 naga ritualists, a guardian
serpent (ally target), a black mamba and a friendly deep troll (summoned,
berserk, poisoned).

Vanquished Creatures
  Gastronok (D)
  A stone giant (D)
  An ettin (D)
  A hydra (D)
  A rakshasa (D)
  3 boulder beetles (D)
  A centaur warrior (D)
  2 alligators (D)
  A tengu warrior (D)
  3 orc high priests (D)
  Sonja (D)
  A shock serpent (D)
  A naga ritualist (D)
  An ugly thing (D)
  An oklob plant (D)
  A cyclops (D)
  A will-o-the-wisp (D)
  3 orc knights (D)
  An orc sorcerer (D)
  A guardian serpent (D)
  An unseen horror (D)
  A rime drake (D)
  2 cane toads (D)
  Psyche (D)
  2 komodo dragons (D)
  6 polar bears (D)
  A hornet (shapeshifter) (D)
  A troll (D)
  2 hornets (D)
  2 spriggans (D)
  5 yaks (D)
  Grum (D)
  2 basilisks (D)
  2 vampire mosquitoes (D)
  An acid dragon (D)
  2 water moccasins (D)
  A floating eye (D)
  9 orc warriors (D)
  3 swamp drakes (D)
  5 black bears (D)
  An ice beast (D)
  3 wolves (D)
  A bullfrog (D)
  A scorpion (D)
  A killer bee (D)
  8 orc priests (D)
  2 hounds (D)
  4 orc wizards (D)
  9 orcs (D)
  A giant cockroach (D)
  A goblin (D)
  A hobgoblin (D)
  A kobold (D)
  A quokka (D)
112 creatures vanquished.

Vanquished Creatures (collateral kills)
  A stone giant (D)
  A fire dragon (D)
  An ice dragon (D)
  3 orc high priests (D)
  2 orc priests (D)
8 creatures vanquished.

Vanquished Creatures (others)
  A will-o-the-wisp (D)
  2 foxfires (D)
3 creatures vanquished.

Grand Total: 123 creatures vanquished

Notes
Turn   | Place    | Note
-------+----------+-------------------------------------------
     0 | D        | boopmooplesden the Minotaur Gladiator began the quest for
                  | the Orb.
     0 | D        | Reached XP level 1. HP: 18/18 MP: 0/0
     6 | D        | Reached skill level 4 in Staves
    19 | D        | Noticed an ice beast
    19 | D        | Noticed a hound
    19 | D        | Noticed an orc wizard
    19 | D        | Noticed a scorpion
    19 | D        | Noticed a hound
    22 | D        | Killed an ice beast
    23 | D        | Reached skill level 7 in Staves
    23 | D        | Reached XP level 2. HP: 27/27 MP: 1/1
    23 | D        | Reached XP level 3. HP: 33/33 MP: 2/2
    23 | D        | Reached XP level 4. HP: 40/40 MP: 3/3
    26 | D        | Reached skill level 8 in Staves
    28 | D        | Reached XP level 5. HP: 47/47 MP: 4/4
    31 | D        | Reached skill level 5 in Fighting
    31 | D        | Reached skill level 10 in Staves
    39 | D        | Found a snail-covered altar of Cheibriados.
    39 | D        | Found a shadowy altar of Dithmenos.
    39 | D        | Found a white marble altar of Elyvilon.
    39 | D        | Found a blossoming altar of Fedhas.
    39 | D        | Found an opulent altar of Gozag.
    40 | D        | Found a hazy altar of Hepliaklqana.
    41 | D        | Found a viscous altar of Jiyva.
    42 | D        | Found an ancient bone altar of Kikubaaqudgha.
    43 | D        | Found a corrupted altar of Lugonu.
    44 | D        | Found a burning altar of Makhleb.
    45 | D        | Found a sparkling altar of Nemelex Xobeh.
    46 | D        | Found an iron altar of Okawaru.
    47 | D        | Found a stormy altar of Qazlal.
    48 | D        | Found a sacrificial altar of Ru.
    49 | D        | Found a shimmering blue altar of Sif Muna.
    50 | D        | Found a bloodstained altar of Trog.
    51 | D        | Found a hide-covered altar of Uskayaw.
    52 | D        | Found a radiant altar of Vehumet.
    53 | D        | Found an ornate altar of the Wu Jian Council.
    54 | D        | Found a shimmering altar of Xom.
    55 | D        | Found a basalt altar of Yredelemnul.
    56 | D        | Found a glowing silver altar of Zin.
    57 | D        | Found a glowing golden altar of the Shining One.
    58 | D        | Became a worshipper of Trog the Wrathful
    78 | D        | Got the +4 quarterstaff "Gokhlenn" {vorpal, MP+9 Str+4}
   150 | D        | Noticed a vampire mosquito
   150 | D        | Noticed a yak
   150 | D        | Noticed a vampire mosquito
   150 | D        | Noticed a yak
   150 | D        | Noticed an orc warrior
   154 | D        | Killed a vampire mosquito
   155 | D        | Reached skill level 11 in Staves
   155 | D        | Reached skill level 1 in Armour
   155 | D        | Reached XP level 6. HP: 58/58 MP: 5/5
   159 | D        | Killed a yak
   160 | D        | Reached skill level 12 in Staves
   162 | D        | Killed a vampire mosquito
   162 | D        | Reached * piety under Trog
   163 | D        | Reached skill level 13 in Staves
   163 | D        | Reached skill level 10 in Dodging
   163 | D        | Reached XP level 7. HP: 58/66 MP: 6/6
   168 | D        | Killed a yak
   176 | D        | Reached ** piety under Trog
   177 | D        | Reached skill level 14 in Staves
   402 | D        | Noticed a tengu warrior
   402 | D        | Noticed a troll
   402 | D        | Noticed a boulder beetle
   402 | D        | Noticed a cyclops
   406 | D        | Reached XP level 8. HP: 75/75 MP: 7/7
   409 | D        | Killed a tengu warrior
   410 | D        | Reached skill level 15 in Staves
   410 | D        | Reached skill level 5 in Throwing
   410 | D        | Reached skill level 5 in Armour
   413 | D        | Killed a troll
   414 | D        | Reached skill level 16 in Staves
   417 | D        | Killed an unseen horror
   417 | D        | Reached *** piety under Trog
   418 | D        | Reached skill level 10 in Fighting
   418 | D        | Reached XP level 9. HP: 85/85 MP: 8/8
   421 | D        | Killed a cyclops
   422 | D        | Reached skill level 17 in Staves
   425 | D        | Killed a boulder beetle
   426 | D        | Reached skill level 18 in Staves
   568 | D        | Noticed Grum
   575 | D        | Killed Grum
   575 | D        | Reached **** piety under Trog
   644 | D        | Noticed a cane toad
   644 | D        | Noticed a cane toad
   649 | D        | Noticed a komodo dragon
   652 | D        | Reached ***** piety under Trog
   655 | D        | Killed a cane toad
   656 | D        | Reached XP level 10. HP: 77/97 MP: 9/9
   658 | D        | Killed a cane toad
   659 | D        | Reached skill level 19 in Staves
   864 | D        | Noticed an oklob plant
   874 | D        | Killed an oklob plant
   875 | D        | Reached skill level 20 in Staves
   877 | D        | Received a gift from Trog
   882 | D        | Reached skill level 10 in Armour
   895 | D        | Received a gift from Trog
  1233 | D        | Reached ****** piety under Trog
  1238 | D        | Reached skill level 21 in Staves
  1246 | D        | Received a gift from Trog
  1258 | D        | Reached XP level 11. HP: 95/111 MP: 10/10
  1305 | D        | Noticed Psyche
  1313 | D        | Killed Psyche
  1329 | D        | Noticed Sonja
  1346 | D        | Killed Sonja
  1347 | D        | Reached skill level 15 in Fighting
  1679 | D        | Received a gift from Trog
  1695 | D        | Received a gift from Trog
  2027 | D        | Noticed an orc knight
  2036 | D        | Received a gift from Trog
  2039 | D        | Noticed an orc sorcerer
  2041 | D        | Killed an orc knight
  2051 | D        | Paralysed by an orc sorcerer for 4 turns
  2056 | D        | Killed an orc sorcerer
  2062 | D        | Reached skill level 1 in Stealth
  2065 | D        | Received a gift from Trog
  2272 | D        | Found Qoklaxua's Antique Armour Emporium.
  2272 | D        | Noticed an orc high priest
  2272 | D        | Noticed an orc high priest
  2272 | D        | Noticed an orc high priest
  2278 | D        | Noticed a sixfirhy
  2281 | D        | Killed an orc high priest
  2282 | D        | Found Qen Alatt's Magic Scroll Shoppe.
  2287 | D        | Killed an orc high priest
  2288 | D        | Reached skill level 22 in Staves
  2289 | D        | Found Loin's Antique Weapon Emporium.
  2290 | D        | Received a gift from Trog
  2296 | D        | Killed an orc high priest
  2297 | D        | Noticed an orc high priest
  2300 | D        | Found Hoil's Armour Shoppe.
  2300 | D        | Noticed an orc high priest
  2307 | D        | Killed an orc high priest
  2311 | D        | Killed an orc high priest
  2313 | D        | Noticed an orc high priest
  2314 | D        | Noticed a sixfirhy
  2315 | D        | Killed an orc high priest
  2316 | D        | Reached skill level 15 in Armour
  2332 | D        | Bought a transparent scale mail for 252 gold pieces
  2332 | D        | Identified the +2 scale mail of Duty {-Tele rElec rF++ rC+}
                  | (You bought it in a shop in the Dungeon)
  2626 | D        | Noticed Gastronok
  2637 | D        | Killed Gastronok
  2637 | D        | Received a gift from Trog
  2745 | D        | Noticed an orc knight
  2745 | D        | Noticed a centaur warrior
  2745 | D        | Noticed a green ugly thing
  2745 | D        | Noticed a five-headed hydra
  2745 | D        | Noticed an orc knight
  2753 | D        | Noticed a boulder beetle
  2755 | D        | Killed an orc knight
  2756 | D        | Noticed a boulder beetle
  2759 | D        | Killed a centaur warrior
  2760 | D        | Reached XP level 12. HP: 127/127 MP: 11/11
  2765 | D        | Killed a five-headed hydra
  2769 | D        | Reached skill level 23 in Staves
  2771 | D        | Paralysed by a floating eye for 4 turns
  2780 | D        | Noticed an ice dragon
  2785 | D        | Killed a boulder beetle
  2785 | D        | Received a gift from Trog
  2786 | D        | Noticed a fire dragon
  2787 | D        | Noticed a stone giant
  2788 | D        | Noticed an ettin
  2791 | D        | Killed an ice dragon
  2793 | D        | Noticed a rakshasa
  2795 | D        | Killed a fire dragon
  2797 | D        | Killed a stone giant
  2805 | D        | Killed an ettin
  2809 | D        | Noticed a stone giant
  2814 | D        | Noticed a stone giant
  2819 | D        | Killed a rakshasa
  2827 | D        | Killed a stone giant
  2839 | D        | Killed a boulder beetle
  2839 | D        | Received a gift from Trog
  3111 | D        | Noticed an alligator
  3127 | D        | Killed an alligator
  3128 | D        | Reached skill level 24 in Staves
  3129 | D        | Noticed an alligator
  3142 | D        | Killed an alligator
  3142 | D        | Received a gift from Trog
  3503 | D        | Noticed an anaconda
  3509 | D        | Succumbed to a naga ritualist's splash of poison

Illustrated notes

Levels and vault maps discovered:
D:        linesprint [early_d, line_temple, items_1, d_10, items_2, lair_1,
          lair_end, items_3, orc_1, orc_end, items_4, d_15, swamp_1, shoals_1,
          snake_1, spider_1, d_20, vaults_1, items_5, swamp_end, shoals_end,
          snake_end, spider_end, vaults_end, d_27, items_6, zot_1, zot_end,
          crypt_end, forest_end, elf_end, slime_end, tomb_end, abyss_end,
          pan_hell_end]

Skill      XL: |  1  2  3  4  5  6  7  8  9 10 11 12 |
---------------+-------------------------------------+-----
Staves         | 7 8 11 13 14 16 18 21 22 24 | 24.3
Dodging        | 6 7 9 10 11 12 13 | 13.3
Fighting       | 4 6 7 8 10 12 14 18 21 | 21.1
Throwing       | 3 4 5 6 7 |  7.5
Armour         | 1 2 3 6 8 11 15 18 | 18.2
Stealth        | 1 3 |  3.3

Action                   |  1- 3 |  4- 6 |  7- 9 | 10-12 || total
-------------------------+-------+-------+-------+-------++-------
Melee: Quarterstaff      |    11 |    22 |    48 |   195 ||   276
       Headbutt          |     2 |     4 |    12 |    51 ||    69
       Lajatang          |       |       |       |    63 ||    63
Throw: Throwing net      |       |       |       |     3 ||     3
       Javelin           |       |       |       |     2 ||     2
Invok: Berserk           |       |       |     1 |     7 ||     8
       Brothers in Arms  |       |       |       |     3 ||     3
       Trog's Hand       |       |       |       |     1 ||     1
  Use: Potion            |     1 |       |       |     6 ||     7
       Scroll            |       |       |       |     2 ||     2
 Stab: Invisible         |       |       |       |     1 ||     1
       Confused          |       |       |       |     3 ||     3
Armor: Leather armour    |     4 |       |       |       ||     4
       Plate armour      |       |     4 |     9 |    49 ||    62
       Scale mail        |       |       |       |    17 ||    17
Dodge: Dodged            |     6 |     8 |    14 |   114 ||   142
